AoeStats
← drahomir.skalnik

Arena

509167966Analyzed
4v4 RM · 8d ago on Sep 25, 2026· 58m 46s· 8 players
Game mode
Random Map
Map size
Large (8 player)
Population
200
Speed
Normal
Resources
Standard
Victory
Conquest
Starting age
Dark Age
Ending age
Imperial Age
RankedLock teamsTeams togetherTeam positionsShared explorationLock speedFull tech treeHidden civsTurbo modeCheats
Victory
Defeat
🇨🇿 Bohemians · Czechia
861
+13
🇨🇱 Chinese · Chile
833
+14
🇨🇷 Aztecs · Costa Rica
829
+14
🇨🇱 Cumans · Chile
810
+15
🇮🇳 Portuguese · India
817
-14
🇮🇳 Inca · India
812
-15
🇮🇳 Teutons · India
791
-14
🇮🇳 Berbers · India
762
-13
drahomir.skalnik
1:50 Loom
11:16 Feudal Age
11:42 Double-Bit Axe
11:40 Horse Collar
13:07 Town Watch
13:58 Wheelbarrow
18:27 Arson
19:04 Forging
23:44 Castle Age
21:58 Scale Barding Armor
24:48 Bow Saw
24:41 Heavy Plow
24:29 Crossbowman
24:32 Pikeman
25:12 Squires
25:45 Fletching
25:55 Padded Archer Armor
26:31 Iron Casting
25:57 Scale Mail Armor
29:50 Leather Archer Armor
29:31 Bodkin Arrow
30:51 Sanctity
35:20 Imperial Age
33:08 Hand Cart
36:12 Chemistry
35:32 Ballistics
35:11 Murder Holes
35:28 Fortified Wall
35:35 Halberdier
37:54 Two-Man Saw
37:24 Arbalester
43:41 Ring Archer Armor
43:11 Bracer
44:11 Blast Furnace
43:37 Houfnice
52:21 Chain Mail Armor
52:10 Town Patrol
52:02 Arrowslits
52:10 Guard Tower
52:34 Masonry
52:32 Siege Engineers
54:21 Plate Mail Armor
54:13 Chain Barding Armor
54:09 Redemption
54:00 Atonement
54:13 Fervor
54:20 Wagenburg Tactics
54:24 Hussite Reforms
セバスティアン
0:32 Loom
10:13 Feudal Age
16:13 Castle Age
14:39 Fletching
16:15 Padded Archer Armor
16:38 Double-Bit Axe
18:47 Bodkin Arrow
20:46 Horse Collar
22:38 Leather Archer Armor
23:10 Crossbowman
25:44 Heavy Plow
27:05 Squires
30:33 Bow Saw
32:45 Ballistics
33:45 Gold Mining
40:27 Imperial Age
40:07 Elite Skirmisher
40:53 Thumb Ring
40:48 Stone Mining
41:41 Bracer
43:25 Rocketry
44:24 Chemistry
44:47 Two-Man Saw
46:22 Ring Archer Armor
46:00 Arbalester
47:17 Conscription
47:28 Forging
47:18 Scale Mail Armor
47:49 Ring Archer Armor
46:48 Pikeman
47:49 Elite Fire Lancer
51:16 Gold Shaft Mining
51:10 Elite Chu Ko Nu
53:09 Wheelbarrow
52:21 Town Watch
52:54 Chain Mail Armor
53:55 Iron Casting
53:08 Capped Ram
54:19 Guard Tower
54:33 Great Wall
mandalvarado
2:20 Loom
11:12 Feudal Age
13:21 Double-Bit Axe
20:35 Castle Age
19:06 Gold Mining
19:09 Horse Collar
19:04 Man-at-Arms
20:56 Stone Mining
28:42 Eagle Warrior
28:43 Long Swordsman
32:55 Imperial Age
31:17 Gold Shaft Mining
31:17 Stone Shaft Mining
31:47 Wheelbarrow
32:30 Forging
32:11 Fletching
32:23 Atlatl
33:12 Ballistics
32:50 Murder Holes
33:06 Fortified Wall
32:37 Treadmill Crane
32:59 Murder Holes
33:14 Fortified Wall
33:42 Hand Cart
33:28 Gambesons
33:43 Squires
33:22 Capped Ram
33:30 Two-Handed Swordsman
34:53 Champion
37:14 Iron Casting
36:41 Scale Mail Armor
36:10 Siege Ram
38:56 Blast Furnace
38:00 Scale Mail Armor
39:23 Elite Jaguar Warrior
40:23 Garland Wars
41:29 Garland Wars
41:46 Caravan
42:45 Chain Mail Armor
45:30 Elite Eagle Warrior
46:43 Plate Mail Armor
52:02 Bow Saw
52:07 Heavy Plow
52:46 Stone Shaft Mining
52:14 Padded Archer Armor
52:10 Bodkin Arrow
54:59 Pikeman
Shalashaska
0:31 Loom
11:40 Feudal Age
14:58 Double-Bit Axe
22:53 Castle Age
24:10 Capped Ram
26:26 Bow Saw
29:33 Horse Collar
34:33 Heavy Plow
34:27 Gold Mining
34:28 Stone Mining
35:17 Wheelbarrow
34:27 Town Watch
35:05 Squires
34:26 Pikeman
37:42 Steppe Husbandry
38:21 Hand Cart
38:28 Scale Mail Armor
38:39 Forging
44:35 Imperial Age
43:26 Iron Casting
43:07 Chain Mail Armor
45:47 Gold Shaft Mining
46:26 Blast Furnace
45:57 Plate Mail Armor
46:00 Halberdier
50:11 Onager
52:16 Siege Ram
57:59 Fletching
58:10 Padded Archer Armor
OmiOfSilver
12:37 Feudal Age
18:07 Castle Age
17:52 Double-Bit Axe
17:52 Horse Collar
18:05 Gold Mining
18:52 Forging
18:47 Scale Barding Armor
19:01 Scale Barding Armor
21:20 Husbandry
21:31 Bloodlines
28:11 Iron Casting
27:56 Chain Barding Armor
29:55 Bow Saw
33:49 Murder Holes
34:16 Ballistics
34:07 Masonry
33:39 Treadmill Crane
35:32 Heavy Plow
35:26 Stone Mining
39:34 Imperial Age
37:42 Wheelbarrow
36:53 Town Watch
36:54 Loom
39:27 Stone Shaft Mining
41:49 Blast Furnace
41:24 Plate Barding Armor
40:15 Cavalier
42:09 Conscription
43:37 Chemistry
44:15 Two-Man Saw
43:10 Light Cavalry
44:52 Crop Rotation
48:32 Elite Organ Gun
simpLest
8:42 Feudal Age
9:21 Double-Bit Axe
9:17 Horse Collar
19:44 Castle Age
19:21 Stone Mining
21:36 Bow Saw
22:09 Scale Mail Armor
22:20 Forging
23:15 Heavy Plow
25:21 Stone Shaft Mining
27:17 Wheelbarrow
26:28 Town Watch
28:21 Hand Cart
31:57 Imperial Age
31:06 Chain Mail Armor
31:28 Iron Casting
32:14 Gold Mining
33:49 Conscription
32:53 Elite Kamayuk
34:08 Squires
35:05 Town Patrol
35:57 Plate Mail Armor
36:28 Blast Furnace
35:39 Fabric Shields
37:24 Crop Rotation
37:35 Gold Shaft Mining
36:48 Loom
41:03 Champi Runner
41:48 Champi Warrior
44:18 Elite Champi Warrior
44:44 Arson
ronin101
11:58 Feudal Age
16:52 Double-Bit Axe
16:37 Man-at-Arms
22:41 Castle Age
23:11 Long Swordsman
25:53 Bloodlines
26:52 Forging
26:49 Scale Barding Armor
26:47 Scale Mail Armor
42:07 Fletching
49:11 Ballistics
53:13 Imperial Age
52:34 Wheelbarrow
54:19 Siphons
55:14 Chemistry
54:06 Heated Shot
54:06 Guard Tower
0sanity dokutah
11:16 Feudal Age
16:21 Castle Age
19:42 Double-Bit Axe
21:38 Loom
26:40 Bow Saw
27:25 Man-at-Arms
27:35 Elite Skirmisher
33:55 Thumb Ring
36:57 Imperial Age
35:16 Ballistics
35:13 Gold Mining
35:13 Stone Mining
35:30 Padded Archer Armor
35:21 Fletching
36:54 Kasbah
37:18 Masonry
37:07 Murder Holes
37:33 Leather Archer Armor
38:04 Conscription
37:22 Long Swordsman
38:24 Elite Camel Archer
40:10 Siege Engineers
41:06 Chemistry
41:18 Bodkin Arrow
41:53 Ring Archer Armor
41:41 Elite Genitour
52:10 Horse Collar
52:48 Fortified Wall
52:18 Treadmill Crane
53:21 Bracer
53:29 Maghrebi Camels
54:06 Hoardings
Connection lost

Rejoining the realm…

Still unreachable

The connection could not be restored.

Session expired

The server has moved on; the page needs a fresh start.